 Dungeon Crawl Stone Soup version 0.20.0-8-g6b59dc7 (webtiles) character file.

66 inmateoo the Chucker (level 4, 0/34 HPs)
             Began as a Barachi Hunter on June 2, 2017.
             Succumbed to an adder's poison
             ... on level 2 of the Dungeon.
             The game lasted 00:03:05 (1876 turns).

inmateoo the Chucker (Barachi Hunter)               Turns: 1876, Time: 00:03:06

Health: 0/34       AC:  6    Str: 12 (14) XL:     4   Next: 15%
Magic:  4/4        EV: 12    Int: 10 (11) God:
Gold:   46         SH:  0    Dex: 12 (13) Spells: 3/3 levels left

rFire    . . .     SeeInvis .     - Unarmed
rCold    . . .     Gourm    .   (no shield)
rNeg     . . .     Faith    .   b - +0 leather armour
rPois    .         Spirit   .   (no helmet)
rElec    .         Reflect  .   (no cloak)
rCorr    .         Harm     .   (no gloves)
MR       .....                  h - +2 pair of boots
Stlth    +.........             (no amulet)
Regen    0.2/turn               (no ring)
MPRegen  0.1/turn               (no ring)

@: lethally poisoned (0 -> -3), can't hop, flying, slow
A: +LOS, swims, slowness 1, strong legs 1
a: Hop


You were on level 2 of the Dungeon.
You were hungry.

You visited 1 branch of the dungeon, and saw 2 of its levels.

You collected 46 gold pieces.

Inventory:

Hand Weapons
 a - a +0 short sword
Missiles
 c - 6 javelins (quivered)
 d - 2 throwing nets
Armour
 b - a +0 leather armour (worn)
 h - a +2 pair of boots (worn)
Scrolls
 e - a scroll of identify
 i - a scroll of fog {unknown}
 j - a scroll of fear {unknown}
Books
 l - a book of Cantrips

   Spells                             Type                      Level
   a - Confusing Touch                Hexes                        1
   b - Animate Skeleton               Necromancy                   1
   c - Summon Small Mammal            Summoning                    1
   d - Apportation                    Translocation                1
Comestibles
 f - 2 bread rations


   Skills:
 - Level 2.4 Fighting
 - Level 4.0 Throwing
 - Level 2.1 Dodging
 - Level 0.8 Stealth
 + Level 4.0 Unarmed Combat


You had 3 spell levels left.
You didn't know any spells.

Dungeon Overview and Level Annotations

Branches:
Dungeon (2/15)

Altars:


Innate Abilities, Weirdness & Mutations

Shadows flee at your approach. (+LOS)
You can swim through water.
You cover ground slowly.
You can hop short distances.


Message History

The quokka bites you.
* * * LOW HITPOINT WARNING * * *
It was a potion of flight.
You feel very buoyant.
You fly up into the air.
* * * LOW HITPOINT WARNING * * *
You feel sick.
The quokka bites you but does no damage.
It was a potion of degeneration.
There was something very wrong with that liquid.
You feel weakened.
You feel dopey.
You feel clumsy. The quokka barely misses you.
The quokka bites you but does no damage.
* * * LOW HITPOINT WARNING * * *
You feel sick. The quokka misses you.
Hop to where?
Press: ? - help, Dir - move target cursor Boing!
You die...

##.# #.#.#.#.#.# #..# .......†.#
#.## #. #.#.# #.# #.# #.. ....
#.# #.#######.. ##.###.#
#.......#.. #...##.# ######..#.#
#.#....# ##.#.# #...##.# ########
# #.#.# #@.###.####.......
##########.#.###..###.#..........
##.........#.......r..#.##.######
##.#########.###..#####.##.######
##.#########.# #..# #.......†..
##...........# #..#####..#.......
##..########## #.........#..####.
....#### #.#######.#..# #.
##.###.## #.# #.#..####.


You could see a quokka.

Vanquished Creatures
  An adder (D:2)
  An ooze (D:1)
  A worm (D:2)
  A dart slug (D:1)
  2 leopard geckos (D:1)
  6 bats
  3 giant cockroaches (D:1)
  7 goblins (D:1)
  7 hobgoblins (D:1)
  6 kobolds
  2 frilled lizards
  3 rats (D:1)
40 creatures vanquished.

Notes
Turn   | Place    | Note
-------+----------+-------------------------------------------
     0 | D:1      | inmateoo the Barachi Hunter began the quest for the Orb.
     0 | D:1      | Reached XP level 1. HP: 17/17 MP: 1/1
    28 | D:1      | Reached skill level 1 in Unarmed Combat
   269 | D:1      | Reached XP level 2. HP: 14/23 MP: 2/2
   773 | D:1      | Reached XP level 3. HP: 15/28 MP: 3/3
  1776 | D:2      | Reached XP level 4. HP: 28/34 MP: 4/4
  1870 | D:2      | HP: 1/34 [poisoned by an adder]
  1876 | D:2      | Succumbed to an adder's poison

Skill      XL: |  1  2  3  4 |
---------------+-------------+-----
Unarmed Combat | 1 2 3 4 |  4.0
Fighting       | |  2.4
Throwing       | |  4.0
Dodging        | |  2.1
Stealth        | |  0.8

Action                   |  1- 3 |  4- 6 || total
-------------------------+-------+-------++-------
Melee: Short sword       |   147 |    11 ||   158
       Unarmed           |       |     5 ||     5
Throw: Javelin           |     7 |       ||     7
 Abil: Hop               |       |     1 ||     1
  Use: Scroll            |     1 |       ||     1
       Potion            |       |     3 ||     3
 Stab: Sleeping          |     1 |       ||     1
  Eat: Chunk             |     3 |       ||     3
Armor: Leather armour    |    54 |     7 ||    61
Dodge: Dodged            |   112 |    13 ||   125
